 Dungeon Crawl Stone Soup version 0.24.0-123-gd5b16e6ec5 (webtiles) character file.

Game seed: 2596377326020286062, levelgen mode: deterministic

275 mmrezaie the Chopper (level 6, -9/55 HPs)
             Began as a Minotaur Berserker on Dec 24, 2019.
             Was a Believer of Trog.
             Mangled by an ogre
             ... wielding a +0 giant spiked club
              (17 damage)
             ... on level 4 of the Dungeon.
             The game lasted 00:18:55 (2551 turns).

mmrezaie the Chopper (Minotaur Berserker)           Turns: 2551, Time: 00:18:55

Health: -9/55      AC: 10    Str: 21    XL:     6   Next: 3%
Magic:  5/5        EV: 11    Int:  4    God:    Trog [**....]
Gold:   175        SH:  0    Dex: 12    Spells: 5/5 levels left

rFire    . . .     SeeInvis .   a - +0 hand axe
rCold    . . .     Gourm    .   (no shield)
rNeg     . . .     Faith    .   b - +0 scale mail
rPois    .         Spirit   .   (helmet restricted)
rElec    .         Reflect  .   t - +2 cloak {MR+} {MR+}
rCorr    .         Harm     .   (no gloves)
MR       +....                  (no boots)
Stlth    ..........             (no amulet)
HPRegen  0.18/turn              (no ring)
MPRegen  0.09/turn              (no ring)

@: berserk cooldown, slowed, very slow
A: retaliatory headbutt, horns 2
a: Berserk, Trog's Hand, Renounce Religion


You were on level 4 of the Dungeon.
You worshipped Trog.
Trog was pleased with you.
You were hungry.

You visited 1 branch of the dungeon, and saw 4 of its levels.

You collected 175 gold pieces.

Inventory:

Hand Weapons
 a - a +0 hand axe (weapon)
Missiles
 x - 11 sling bullets
 Q - 118 stones (quivered)
Armour
 b - a +0 scale mail (worn)
 t - a +2 cloak of magic resistance (worn) {MR+}
Jewellery
 e - an uncursed ring of flight {unknown}
 h - an uncursed amulet of guardian spirit {unknown}
 j - an uncursed ring of see invisible {unknown}
 v - a +4 ring of strength {unknown}
 w - an uncursed ring of wizardry {unknown}
Scrolls
 d - 2 scrolls of amnesia
 g - a scroll of enchant weapon {unknown}
 i - a scroll of fear {unknown}
 k - 2 scrolls of remove curse {unknown}
 n - 2 scrolls of blinking {unknown}
 o - a scroll of enchant armour {unknown}
 s - a scroll of identify {unknown}
Potions
 l - 2 potions of agility {unknown}
 m - a potion of resistance {unknown}
 p - 4 potions of haste {unknown}
 q - a potion of degeneration {unknown}
 r - a potion of might {unknown}
 u - 2 potions of berserk rage {unknown}
Comestibles
 c - 7 rations


   Skills:
 + Level 4.8 Fighting
 * Level 5.9 Axes
 + Level 4.0 Armour
 + Level 3.6 Dodging


You had 5 spell levels left.
You didn't know any spells.
Your spell library was empty.

Dungeon Overview and Level Annotations

Branches:
Dungeon (4/15)
 Temple: D:4-7

Altars:
Sif Muna
Yredelemnul


Innate Abilities, Weirdness & Mutations

You reflexively headbutt those who attack you in melee.
You have a pair of horns on your head.


Message History

Your scale mail prevents you from hitting the ogre.
The ogre closely misses you.
Health restored: 82 You hit the ogre.
You closely miss the ogre.
You are no longer berserk.
You are exhausted.
You feel yourself slow down.
The ogre hits you with a +0 giant spiked club!!
You now have 36/55 hp.
An ogre is nearby!
You slash the ogre! You headbutt the ogre!
An adder comes into view.
The ogre hits you with a +0 giant spiked club!!
Ouch! That really hurt!
* * * LOW HITPOINT WARNING * * *
You take 28 damage, and have 8/55 hp.
MASSIVE DAMAGE!!
The ogre hits you with a +0 giant spiked club!
You die...

##### #...#
##.<.#
...##.)@.#
.....(.SO#
............#
...............
..........(..##
.....).......#
..!............
...............
...............


You could see an ogre and an adder.

Levels and vault maps discovered:
D:1:      onia_arrival_pentagram, layout_basic
D:2:      layout_loops_cross, led_sif_pool, first_ration
D:3:      minmay_recursive_quarters, layout_basic, yredelemnul_altar_generic
D:4:      layout_cave_pools

Notes
Turn   | Place    | Note
-------+----------+-------------------------------------------
     0 | D:1      | mmrezaie the Minotaur Berserker began the quest for the
                  | Orb.
     0 | D:1      | Reached XP level 1. HP: 19/19 MP: 0/0
    43 | D:1      | Identified a +0 scale mail (You found it on level 1 of the
                  | Dungeon)
   191 | D:1      | Reached XP level 2. HP: 27/27 MP: 1/1
   193 | D:1      | Reached skill level 4 in Axes
   401 | D:1      | Identified a +0 club
   782 | D:1      | Identified a cursed -2 club
   814 | D:1      | Identified 2 scrolls of amnesia
   926 | D:2      | Identified a +0 club
  1048 | D:2      | Found a shimmering blue altar of Sif Muna.
  1085 | D:2      | Identified a +0 club
  1254 | D:2      | Reached skill level 4 in Fighting
  1254 | D:2      | Reached XP level 3. HP: 33/33 MP: 2/2
  1504 | D:3      | Identified a +2 cloak of magic resistance (You found it on
                  | level 3 of the Dungeon)
  1505 | D:3      | Found a basalt altar of Yredelemnul.
  1555 | D:3      | Reached ** piety under Trog
  1597 | D:3      | Identified a +0 short sword
  1597 | D:3      | Identified a +0 leather armour
  1598 | D:3      | Identified a +0 dagger
  1598 | D:3      | Identified a +0 mace
  1598 | D:3      | Identified a +0 leather armour
  1602 | D:3      | Reached skill level 3 in Armour
  1602 | D:3      | Reached XP level 4. HP: 40/40 MP: 3/3
  1627 | D:3      | Reached skill level 3 in Dodging
  1709 | D:3      | Identified a +0 short sword
  1747 | D:3      | Identified a +0 shortbow
  1747 | D:3      | Noticed a centaur
  1760 | D:3      | Killed a centaur
  1760 | D:3      | Reached skill level 5 in Axes
  1760 | D:3      | Reached XP level 5. HP: 40/47 MP: 4/4
  1967 | D:3      | Identified a +0 mace
  1967 | D:3      | Identified a +0 club
  1981 | D:3      | Identified a +0 mace
  1981 | D:3      | Identified a +0 scale mail
  2535 | D:4      | Identified a +1 war axe of freezing
  2537 | D:4      | Identified a +0 giant spiked club
  2537 | D:4      | Noticed an ogre
  2545 | D:4      | Reached skill level 4 in Armour
  2545 | D:4      | Reached XP level 6. HP: 55/55 MP: 5/5
  2550 | D:4      | HP: 8/55 [ogre/+0 giant spiked club (28)]
  2551 | D:4      | Mangled by an ogre

Table legend:
 A = Turns spent in this place as a percentage of turns spent in the entire game.
 B = Non-inter-level travel turns spent in this place as a percentage of non-inter-level travel turns spent in the entire game.
 C = Inter-level travel turns spent in this place as a percentage of turns spent in this place.
 D = Turns resting spent in this place as a percentage of non-inter-level travel turns spent in this place.
 E = Turns spent auto-exploring this place as a percentage of non-inter-level travel turns spent in this place.
 F = Non-inter-level travel turns spent in this place divided by the number of levels of this place that you've seen.
                   A       B       C       D       E      F
               +-------+-------+-------+-------+-------+----------------------
         Total | 100.0 | 100.0 |   2.2 |  15.3 |  68.8 | 624.0
       Dungeon | 100.0 | 100.0 |   2.2 |  15.3 |  68.8 | 624.0
               +-------+-------+-------+-------+-------+----------------------

Table legend:
 A = Kills in this place as a percentage of kills in entire the game.
 B = Kills by you in this place as a percentage of kills by you in the entire game.
 C = Kills by friends in this place as a percentage of kills by friends in the entire game.
 D = Other kills in this place as a percentage of other kills in the entire game.
 E = Experience gained in this place as a percentage of experience gained in the entire game.
 F = Experience gained in this place divided by the number of levels of this place that you have seen.
                   A       B       C       D       E      F
               +-------+-------+-------+-------+-------+----------------------
         Total | 100.0 | 100.0 |   N/A |   N/A | 100.0 |  98.2
       Dungeon | 100.0 | 100.0 |   N/A |   N/A | 100.0 |  98.2
               +-------+-------+-------+-------+-------+----------------------

Skill      XL: |  1  2  3  4  5 |
---------------+----------------+-----
Axes           | 4 5 |  5.9
Fighting       | 4 |  4.8
Armour         | 3 4 |  4.0
Dodging        | 3 |  3.6

Action                   |  1- 3 |  4- 6 || total
-------------------------+-------+-------++-------
Melee: Hand axe          |    65 |    75 ||   140
       Headbutt          |     7 |    14 ||    21
Throw: Stone             |       |    17 ||    17
Invok: Berserk           |       |     2 ||     2
  Use: Scroll            |     1 |       ||     1
  Eat: Chunk             |     2 |     4 ||     6
Armor: Scale mail        |    29 |    39 ||    68
Dodge: Dodged            |    34 |    36 ||    70

Vanquished Creatures
  A centaur (D:3)
  A crimson imp (D:4)
  An orc priest (D:3)
  A hound (D:3)
  A worker ant (D:4)
  2 adders (D:3)
  An ooze (D:1)
  A worm (D:3)
  A dart slug (D:1)
  3 leopard geckos
  7 orcs
  2 ball pythons
  2 goblins
  5 hobgoblins
  4 jackals (D:1)
  4 quokkas
  5 bats
  A frilled lizard (D:2)
  3 kobolds
  6 rats
52 creatures vanquished.
